 Dungeon Crawl Stone Soup version 0.32-a0-768-g0f6f1dd4b9 (webtiles) character file.

Game seed: 11293159845542313919

1534 Griffin23 the Carver (level 8, -5/71 HPs)
             Began as a Minotaur Fighter on Mar 19, 2024.
             Slain by a two-headed ogre
             ... wielding a +0 giant club
              (7 damage)
             ... on level 6 of the Dungeon.
             The game lasted 00:09:09 (5567 turns).

Griffin23 the Carver (Minotaur Fighter)             Turns: 5567, Time: 00:09:10

Health: -5/71      AC: 13    Str: 22    XL:     8   Next: 55%
Magic:  7/7        EV: 10    Int:  5    God:
Gold:   19         SH: 13    Dex: 11    Spells: 7/7 levels left

rFire   . . .        a - +0 long sword
rCold   . . .        E - +0 tower shield
rNeg    . . .        y - +0 chain mail {rPois}
rPois   +            (helmet restricted)
rElec   .            (no cloak)
rCorr   .            G - +0 pair of gloves {hurl}
SInv    +            I - +0 pair of boots
Will    .....        j - amulet of the acrobat Stlth
                     k - +5 ring of evasion
HPRegen 0.31/turn    B - ring of see invisible
MPRegen 0.10/turn

%: acrobat
@: no status effects
A: horns 2, retaliatory headbutt
a: no special abilities


You were on level 6 of the Dungeon.
You visited 1 branch of the dungeon, and saw 6 of its levels.
You also visited: Sewer.

You collected 214 gold pieces.
You spent 195 gold pieces at shops.

Inventory:

Hand Weapons
 a - a +0 long sword (weapon)
Missiles
 z - 4 boomerangs (quivered)
Armour
 b - a +0 scale mail
 c - a +1 buckler
 i - a +0 chain mail
 y - a +0 chain mail of poison resistance (worn)
 E - a +0 tower shield (worn)
 G - a +0 pair of gloves of hurling (worn)
 I - a +0 pair of boots (worn)
Jewellery
 j - an amulet of the acrobat (around neck)
 k - a +5 ring of evasion (left hand)
 B - a ring of see invisible (right hand)
 C - an amulet of faith
 D - a +4 ring of protection
Wands
 x - a wand of flame (26)
Scrolls
 e - 5 scrolls of teleportation
 g - 2 scrolls of enchant armour
 h - a scroll of immolation {unknown}
 l - a scroll of fear {unknown}
 m - a scroll of poison {unknown}
 n - 2 scrolls of vulnerability
 o - a scroll of amnesia {unknown}
 p - 2 scrolls of brand weapon {unknown}
 q - 2 scrolls of noise {unknown}
 r - 3 scrolls of revelation {unknown}
 s - a scroll of blinking {unknown}
 w - a scroll of fog {unknown}
 A - a scroll of enchant weapon {unknown}
 F - 2 scrolls of identify
Potions
 d - 3 potions of might
 f - 5 potions of curing
 t - 3 potions of heal wounds
 u - a potion of magic {unknown}
 v - a potion of resistance {unknown}
 H - a potion of haste {unknown}


   Skills:
 + Level 6.8 Fighting
 * Level 8.5 Long Blades
 + Level 6.8 Armour
 + Level 6.8 Shields


You had 7 spell levels left.
You didn't know any spells.
Your spell library contained the following spells:

 Spells                   Type           Power      Damage    Failure   Level
 Gell's Gravitas          Tloc           0%         N/A       100%        3
 Teleport Other           Tloc           0%         N/A       100%        3
 Volatile Blastmotes      Fire/Tloc      0%         2d10      100%        3
 Fulminant Prism          Conj/Alch      0%         3d5       100%        4
 Iskenderun's Mystic Bla  Conj/Tloc      0%         2d3       100%        4
 Dispersal                Tloc           0%         N/A       100%        6


Dungeon Overview and Level Annotations

Branches:
Dungeon (6/15)              Sewer (visited)
 Temple: D:4-7

Altars:
Zin

Shops:
D:5 !


Innate Abilities, Weirdness & Mutations

You have a pair of horns on your head.
You reflexively headbutt those who attack you in melee.


Message History

The two-headed ogre hits you with a +0 giant club!!
You barely miss the two-headed ogre.
The two-headed ogre is moderately wounded.
The two-headed ogre closely misses you. You furiously retaliate!
You headbutt the two-headed ogre. You block the two-headed ogre's attack.
You hit the two-headed ogre.
The two-headed ogre is moderately wounded.
You block the two-headed ogre's attack.
The two-headed ogre hits you with a +0 giant club!
You hit the two-headed ogre.
You headbutt the two-headed ogre, but do no damage.
The two-headed ogre is moderately wounded.
The two-headed ogre closely misses you. You block the two-headed ogre's attack.
You hit the two-headed ogre. You headbutt the two-headed ogre!
The two-headed ogre is heavily wounded.
You hit the two-headed ogre but do no damage.
The two-headed ogre is heavily wounded.
The two-headed ogre hits you with a +0 giant club!
You block the two-headed ogre's attack.
You are too injured to fight recklessly!
You are too injured to fight recklessly!
You are too injured to fight recklessly!
You are too injured to fight recklessly!
You hit the two-headed ogre.
The two-headed ogre is heavily wounded.
The two-headed ogre hits you with a +0 giant club!
* * * LOW HITPOINT WARNING * * *
The two-headed ogre barely misses you.
You slash the two-headed ogre!
The two-headed ogre is severely wounded.
You block the two-headed ogre's attack. The two-headed ogre barely misses you.
You slash the two-headed ogre!
The two-headed ogre is almost dead.
The two-headed ogre closely misses you.
The two-headed ogre hits you with a +0 giant club!
* * * LOW HITPOINT WARNING * * *
You barely miss the two-headed ogre.
The two-headed ogre is almost dead.
The two-headed ogre hits you with a +0 giant club!
You die...

#.........#
#.......
#........##
#.......
#.......##
#.......
###.......##
#.......
##..........##
##........)...#..
#...[...........#
#..............##
#......@.......#
#.....O........#
#.......?......#
##............##
##..........##
############


You could see a two-headed ogre.

Vanquished Creatures
  Duvessa (D:5)
  A black bear (D:4)
  An ogre (D:5)
  A centaur (D:6)
  A phantom (D:5)
  2 brain worms (Sewer)
  A scorpion (D:5)
  Dowan (D:5)
  2 howler monkeys (D:5)
  3 hounds (D:5)
  A bombardier beetle (D:4)
  3 orc priests
  2 sleepcaps (D:4)
  4 iguanas
  2 orc wizards
  Natasha (thrice) (D:4)
  Terence (D:3)
  4 gnolls (D:2)
  8 adders
  A white imp (D:6)
  2 ufetubi (D:5)
  2 ribbon worms (D:2)
  2 dart slugs
  16 orcs
  14 ball pythons
  5 endoplasms
  3 giant cockroaches
  5 goblins
  6 hobgoblins
  11 jackals
  12 kobolds
  5 quokkas
  4 bats
  8 frilled lizards
  4 rats
142 creatures vanquished.

Notes
Turn   | Place    | Note
-------+----------+-------------------------------------------
     0 | D:1      | Griffin23 the Minotaur Fighter began the quest for the Orb.
     0 | D:1      | Reached XP level 1. HP: 19/19 MP: 0/0
   127 | D:1      | Reached XP level 2. HP: 24/27 MP: 1/1
   201 | D:1      | Reached skill level 3 in Long Blades
   410 | D:1      | Reached XP level 3. HP: 31/33 MP: 2/2
   897 | D:2      | Reached XP level 4. HP: 17/40 MP: 3/3
  1023 | D:2      | Found a glowing silver altar of Zin.
  1097 | D:2      | Reached skill level 4 in Long Blades
  1382 | D:3      | Identified the +0 leather armour of the Irksome Falcon
                  | {rCorr Int+3 Slay-4 Stlth+}
  1432 | D:3      | Reached XP level 5. HP: 36/47 MP: 4/4
  1465 | D:3      | Found a glowing drain.
  1472 | Sewer    | Entered a sewer
  1778 | Sewer    | Reached skill level 5 in Fighting
  1778 | Sewer    | Reached skill level 5 in Long Blades
  1778 | Sewer    | Reached skill level 5 in Shields
  1778 | Sewer    | Reached XP level 6. HP: 32/56 MP: 1/5
  2058 | D:3      | Reached skill level 5 in Armour
  2134 | D:3      | Noticed Terence
  2143 | D:3      | Killed Terence
  3236 | D:4      | Noticed Natasha
  3239 | D:4      | Reached skill level 6 in Long Blades
  3239 | D:4      | Reached XP level 7. HP: 53/61 MP: 6/6
  3248 | D:4      | Killed Natasha
  3516 | D:4      | Noticed Natasha
  3524 | D:4      | Killed Natasha
  3609 | D:4      | Noticed Natasha
  3614 | D:4      | Killed Natasha
  4388 | D:5      | Entered Level 5 of the Dungeon
  4478 | D:5      | Reached skill level 7 in Long Blades
  4631 | D:5      | Reached XP level 8. HP: 47/70 MP: 7/7
  5077 | D:5      | Found Amill's Distillery.
  5080 | D:5      | Bought a potion of curing for 39 gold pieces
  5080 | D:5      | Bought a potion of curing for 39 gold pieces
  5080 | D:5      | Bought a potion of might for 52 gold pieces
  5080 | D:5      | Bought a potion of heal wounds for 65 gold pieces
  5100 | D:5      | Noticed Dowan
  5101 | D:5      | Noticed Duvessa
  5114 | D:5      | Killed Duvessa
  5115 | D:5      | Reached skill level 8 in Long Blades
  5118 | D:5      | Killed Dowan
  5553 | D:6      | Noticed a two-headed ogre
  5566 | D:6      | HP: 2/71 [two-headed ogre/+0 giant club (12)]
  5567 | D:6      | Slain by a two-headed ogre

Illustrated notes

Levels and vault maps discovered:
D:1:      elethiomel_arrival_quiet, layout_rooms, nicolae_the_louvre
D:2:      layout_basic, basic_altar
D:3:      layout_basic, mainiacjoe_sewer_entry_somewhere_in_here_2, st_stairs_4,
          uniq_terence
D:4:      layout_basic, corner_web_ring, grunt_ministairs_9, uniq_natasha
D:5:      layout_gridville, serial_shops, nicolae_shop_real_fake_doors,
          hangedman_decor_push, uniq_duvessa
D:6:      layout_rooms

Skill      XL: |  1  2  3  4  5  6  7  8 |
---------------+-------------------------+-----
Long Blades    | 3 4 5 6 7 8 |  8.5
Armour         | 4 5 6 |  6.8
Shields        | 4 5 6 |  6.8
Fighting       | 4 5 6 |  6.8

Action                     |  1- 3 |  4- 6 |  7- 9 || total
---------------------------+-------+-------+-------++-------
  Melee: Long sword        |   100 |   179 |   158 ||   437
         Headbutt          |    14 |    31 |    34 ||    79
    Use: Scroll            |       |     1 |     4 ||     5
 Armour: Scale mail        |    85 |       |       ||    85
         Chain mail        |    18 |    98 |    85 ||   201
  Dodge: Dodged            |    67 |   135 |    59 ||   261
  Block: Buckler           |    27 |    44 |    13 ||    84
         Tower shield      |       |       |   105 ||   105

Table legend: (Time is in decaauts)
 A = Elapsed time spent in this place.
 B = Non-inter-level travel time spent in this place.
 C = Inter-level travel time spent in this place.
 D = Time resting spent in this place.
 E = Time spent auto-exploring this place.
 F = Levels seen in this place.
 G = Mean time per level.
                   A        B        C        D        E       F      G
               +--------+--------+--------+--------+--------+-----+--------+
         Total |   5754 |   5380 |    374 |    298 |   3813 |   7 |  822.0 |
       Dungeon |   5146 |   4772 |    374 |    298 |   3462 |   6 |  857.7 |
         Sewer |    607 |    607 |      0 |      0 |    351 |   1 |  607.0 |
               +--------+--------+--------+--------+--------+-----+--------+

Top non-repeatable levels by time:
     D:4: 1507 daAuts
     D:3: 1124 daAuts
     D:5: 1076 daAuts
     D:2: 717 daAuts
     D:1: 653 daAuts
   Sewer: 607 daAuts
     D:6: 67 daAuts
